Map: Ciudad Esmeralda EE

Players

MrFercho

  • Race: Zerg Zerg
  • Spawn Location: 11:00

TATORREA

  • Race: Protoss Protoss
  • Spawn Location: 11:00

WildBoiSteve - Winner!

  • Race: Zerg Zerg
  • Spawn Location: 5:00

Steveisabot - Winner!

  • Race: Terran Terran
  • Spawn Location: 5:00

VOD

Have the link to the VOD?

Description

Time

  • Played on: June 9, 2020, 7:15 p.m.
  • Length: 8:59
Show
View Real Time Build Order
Export as new Build Order

MrFercho Zerg 

Build Orders: Hatch First 

Get SALT Encoding   

  12  0:02  Drone  
  13  0:13  Overlord  
  13  0:17  Drone  
  14  0:36  Drone x3  
  17  0:58  Drone  
  17  1:00  Drone  
  19  1:05  Hatchery  
  18  1:16  Spawning Pool  
  17  1:18  Drone  
  17  1:20  Drone  
  19  1:30  Drone  
  20  1:36  Extractor  
  19  1:41  Drone  
  20  1:52  Drone  
  21  2:02  Overlord  
  21  2:14  Drone  
  22  2:17  Drone  
  23  2:24  Drone  
  23  2:27  Drone  
  25  2:34  Drone  
  26  2:39  Drone  
  27  2:46  Drone  
  27  2:49  Drone  
  29  3:02  Drone x2  
  31  3:07  Drone  
  31  3:12  Overlord  
  32  3:29  Roach Warren  
  32  3:32  Extractor  
  30  3:36  Extractor  
  30  3:37  Drone x3  
  30  3:38  Drone  
  33  3:47  Overlord x2  
  33  3:57  Drone x2  
  33  3:58  Evolution Chamber  
  33  4:00  Drone  
  35  4:05  Overlord  
  35  4:08  Queen  
  35  4:09  Queen  
  37  4:11  Drone  
  40  4:22  Roach  
  42  4:26  Zerg Missile Weapons Level 1  
  42  4:52  Lair  
  42  4:58  Roach x5  
  42  4:59  Roach  
  54  5:09  Drone  
  54  5:10  Drone  
  56  5:26  Drone  
  56  5:27  Drone x3  
  60  5:29  Overlord x2  
  60  5:32  Overlord  
  60  5:48  Drone x4  
  65  5:50  Drone  
  65  5:55  Glial Reconstitution  
  65  5:59  Hatchery  
  64  6:05  Infestation Pit  
  64  6:10  Drone x3  
  64  6:11  Evolution Chamber  
  65  6:17  Queen  
  67  6:21  Drone x2  
  67  6:22  Drone  
  70  6:35  Drone x2  
  72  6:43  Extractor  
  71  6:47  Drone x3  
  73  7:34  Hydralisk Den  
  65  7:40  Drone x2  
  65  7:41  Drone x11  
  46  8:04  Hydralisk x4, Drone  
  57  8:21  Extractor  
  56  8:29  Extractor  
  49  8:41  Drone x7  
Show
View Real Time Build Order
Export as new Build Order

TATORREA Protoss 

Build Orders:  

Get SALT Encoding   

  12  0:02  Probe  
  13  0:19  Probe  
  13  0:20  Pylon  
  13  0:27  Probe  
  15  0:36  Probe  
  16  0:55  Probe  
  17  1:00  Gateway  
  17  1:01  Gateway  
  17  1:03  Assimilator  
  17  1:07  Probe  
  18  1:19  Probe  
  19  1:31  Probe  
  20  1:42  Pylon  
  20  1:50  Nexus  
  20  1:53  Zealot  
  22  2:00  Zealot  
  24  2:13  Cybernetics Core  
  24  2:15  Probe  
  25  2:23  Assimilator  
  25  2:32  Zealot  
  25  2:33  Zealot  
  29  2:47  Probe  
  30  2:54  Pylon  
  30  2:59  Probe  
  30  3:02  Stalker x2  
  30  3:03  Warp Gate  
  30  3:04  Probe  
  36  3:21  Probe x2  
  38  3:33  Probe x2  
  40  3:44  Pylon  
  40  3:45  Probe  
  40  3:46  Twilight Council  
  41  4:17  Probe x2  
  43  4:32  Stargate  
  43  4:34  Probe, Stargate  
  43  4:35  Probe  
  45  4:40  Charge  
  45  4:43  Pylon  
  45  4:47  Pylon, Probe x2  
  47  4:59  Probe x2  
  49  5:03  Gateway  
  49  5:04  Gateway  
  49  5:07  Gateway  
  49  5:08  Gateway  
  49  5:10  Gateway  
  49  5:11  Probe x2  
  51  5:16  Assimilator  
  51  5:20  Assimilator  
  51  5:23  Probe x2  
  51  5:24  Stalker  
  51  5:26  Stalker  
  57  5:40  Probe x2  
  59  5:52  Probe  
  60  6:00  Nexus  
  60  6:03  Pylon  
  60  6:06  Pylon  
  60  6:11  Pylon  
  60  6:12  Probe x2  
  60  6:16  Stalker x3  
  60  6:17  Stalker  
  70  6:21  Zealot  
  70  6:24  Zealot  
  74  6:27  Zealot  
  76  6:38  Phoenix x2  
  80  6:46  Blink  
  80  6:52  Robotics Facility  
  50  7:09  Stalker x2  
  50  7:10  Stalker x4  
  48  7:43  Zealot x2  
  48  7:44  Zealot x4  
  52  7:45  Zealot  
  46  8:06  Zealot  
  46  8:07  Zealot x3  
  46  8:08  Zealot x3  
  46  8:33  Zealot x2  
  46  8:34  Zealot x5  
Show
View Real Time Build Order
Export as new Build Order

WildBoiSteve Zerg - Winner!

Build Orders: Pool First 

Get SALT Encoding   

  12  0:02  Drone  
  13  0:10  Drone  
  13  0:13  Extractor  
  13  0:16  Drone  
  14  0:25  Overlord  
  14  0:45  Drone x2  
  16  0:51  Drone  
  17  0:59  Drone  
  18  1:13  Spawning Pool  
  18  1:14  Drone  
  18  1:19  Drone  
  19  1:37  Drone  
  20  1:40  Hatchery  
  19  1:48  Drone  
  20  2:05  Extractor  
  19  2:14  Lair  
  19  2:18  Drone x3  
  22  2:30  Overlord  
  22  2:41  Overlord  
  22  2:59  Drone  
  22  3:00  Queen  
  25  3:06  Drone x2  
  27  3:22  Drone x2  
  27  3:25  Drone x2  
  31  3:30  Hydralisk Den  
  30  3:36  Evolution Chamber  
  30  3:37  Drone, Evolution Chamber  
  30  3:38  Queen, Evolution Chamber  
  30  3:41  Pneumatized Carapace  
  30  3:47  Extractor  
  30  3:48  Extractor, Drone x3  
  32  3:52  Drone  
  32  3:56  Drone  
  32  4:01  Drone  
  34  4:09  Drone  
  35  4:12  Grooved Spines  
  35  4:14  Zerg Melee Weapons Level 1  
  35  4:16  Zerg Missile Weapons Level 1  
  35  4:23  Zerg Ground Armor Level 1  
  35  4:28  Hydralisk  
  37  4:36  Hydralisk  
  39  4:38  Hydralisk  
  39  4:42  Hydralisk  
  43  4:54  Drone  
  43  4:56  Overlord  
  44  5:05  Overlord  
  44  5:12  Overlord  
  44  5:13  Overlord x2  
  44  5:19  Drone x2  
  46  5:23  Muscular Augments  
  46  5:26  Drone x3  
  49  5:30  Drone x3  
  52  5:37  Drone  
  53  5:46  Drone x2  
  53  5:47  Drone  
  57  5:50  Drone  
  57  6:01  Drone  
  57  6:03  Nydus Network  
  57  6:06  Nydus Network  
  57  6:10  Hydralisk x4  
  64  6:14  Hydralisk x2  
  64  6:18  Hydralisk  
  70  6:25  Hydralisk x2  
  74  6:33  Hydralisk x2  
  74  6:35  Hydralisk  
  80  6:40  Hydralisk x2  
  80  6:44  Overlord  
  84  6:51  Nydus Canal  
  84  7:08  Hydralisk x4  
  84  7:14  Overlord  
  84  7:15  Overlord x2  
  92  7:18  Overlord  
  78  7:54  Hydralisk x5  
  78  7:58  Hydralisk x4  
  90  8:10  Hydralisk  
  84  8:53  Hatchery  
  84  8:55  Extractor  
Show
View Real Time Build Order
Export as new Build Order

Steveisabot Terran - Winner!

Build Orders:  

Get SALT Encoding   

  12  0:03  SCV  
  13  0:15  SCV  
  14  0:25  Supply Depot  
  14  0:27  SCV  
  15  0:49  Barracks  
  15  0:52  SCV  
  16  1:01  Refinery  
  16  1:04  SCV  
  17  1:06  Refinery  
  17  1:16  SCV  
  18  1:28  SCV  
  19  1:33  Supply Depot  
  19  1:40  Barracks  
  19  1:57  SCV  
  20  2:04  Supply Depot  
  20  2:09  SCV  
  20  2:15  Marine  
  22  2:21  SCV  
  23  2:33  Barracks, Marine, SCV  
  25  2:42  Marine  
  26  2:45  SCV  
  26  2:50  Marine  
  28  3:00  Marine  
  29  3:08  Marine  
  30  3:18  Marine  
  31  3:26  Marine  
  32  3:30  Engineering Bay  
  32  3:36  Marine  
  33  3:41  Command Center  
  33  3:44  Marine  
  34  3:51  Marine  
  34  3:54  Marine  
  36  4:02  Marine  
  37  4:03  Supply Depot  
  37  4:09  Marine  
  38  4:11  Marine  
  38  4:16  Terran Infantry Weapons Level 1  
  39  4:24  Marine  
  39  4:27  Marine  
  39  4:29  Marine  
  42  4:32  Supply Depot  
  42  4:47  Marine  
  43  4:58  SCV  
  44  5:10  Marine, SCV  
  44  5:11  Marine  
  47  5:22  SCV  
  47  5:28  Marine  
  48  5:29  Marine  
  48  5:34  SCV  
  51  5:46  Marine, SCV  
  53  5:53  Marine  
  54  5:58  Marine, SCV  
  54  6:04  Marine  
  57  6:10  SCV  
  57  6:11  Terran Infantry Armor Level 1, Marine  
  59  6:16  Marine  
  60  6:20  Supply Depot  
  60  6:21  Marine  
  60  6:23  Supply Depot, SCV  
  62  6:27  Barracks  
  62  6:28  Marine  
  62  6:30  Barracks  
  63  6:34  Marine  
  63  6:35  SCV  
  63  6:39  Marine  
  66  6:46  Marine  
  67  6:47  SCV  
  67  6:52  Marine  
  61  6:57  Marine  
  56  7:04  Marine  
  57  7:10  Marine  
  57  7:15  Marine  
  59  7:22  Marine  
  60  7:31  Marine  
  60  7:32  Marine  
  60  7:33  Marine  
  63  7:40  Marine  
  64  7:47  Refinery  
  64  7:49  Marine  
  64  7:50  Marine x2  
  67  7:55  Refinery  
  67  7:56  SCV  
  67  7:57  Marine  
  69  8:07  Marine  
  69  8:08  Marine x2, SCV  
  73  8:15  Marine  
  74  8:20  SCV  
  74  8:25  Marine  
  74  8:26  Marine x2  
  78  8:32  SCV  
  78  8:33  Marine  
Tags
 
Add a new tag
Caveats
  • Supply blocks, unpowered buildings, or Contaminate may cause inaccurate times.
  • Supply counts are checked every 10 seconds.